[ AOE2 MATCH · #507059956 ]
UnrankedIncas vs Tatars
Player's team · LOSS
Rival team · WIN
[ REPLAY ANALYSIS · EXTRACTED FROM THE RECORDED GAME ]
Feudal
9:24
Castle
24:19
Imperial
—
| APM avg | 50.2 |
| APM peak | 115 |
| eAPM avg | 29.7 |
| Villagers / military | 131 / 120 |
Focus
⚔️ 40.2% · 🌾 59.8%
Archer ×99 · Mangonel ×17 · Monk ×4
Feudal
8:52
Castle
26:17
Imperial
—
| APM avg | 42.4 |
| APM peak | 103 |
| eAPM avg | 18.8 |
| Villagers / military | 86 / 39 |
Focus
⚔️ 36.8% · 🌾 63.2%
Knight ×24 · Scout Cavalry ×13 · Mangonel ×2
Match map
Initial resources + every placement click. Lines = walls · curves = elevation contours. ◆ gold · ⬟ stone · ● berries · ✦ relic · ◌ wall gap
Your base· Open — opponent sealed themselves in
Ellis's base· ✓ Closed at 26:17 · 66t walls · 2 gate(s)
Smoothed initial terrain · ◌ = detected wall gap · hover for details
Inputs per minute
— Archanger - - Ellis
Build order — Archanger
First 150 of 404 actions detected
| 0:00 | Queue | Villager (Male) |
| 0:01 | Queue | Villager (Male) |
| 0:02 | Build | House |
| 0:03 | Build | House |
| 0:15 | Queue | Villager (Male) |
| 0:15 | Queue | Villager (Male) |
| 0:16 | Queue | Villager (Male) |
| 1:39 | Queue | Villager (Male) |
| 1:56 | Build | Settlement |
| 1:57 | Queue | Villager (Male) |
| 2:15 | Queue | Villager (Male) |
| 2:15 | Queue | Villager (Male) |
| 2:46 | Queue | Villager (Male) |
| 2:46 | Queue | Villager (Male) |
| 3:08 | Queue | Villager (Male) |
| 3:08 | Queue | Villager (Male) |
| 3:46 | Queue | Villager (Male) |
| 4:01 | Queue | Villager (Male) |
| 4:02 | Queue | Villager (Male) |
| 4:40 | Queue | Villager (Male) |
| 4:40 | Queue | Villager (Male) |
| 4:40 | Queue | Villager (Male) |
| 5:14 | Queue | Villager (Male) |
| 5:19 | Build | Settlement |
| 5:23 | Queue | Villager (Male) |
| 5:24 | Queue | Villager (Male) |
| 5:24 | Queue | Villager (Male) |
| 5:38 | Research | Loom |
| 5:41 | Queue | Villager (Male) |
| 5:49 | Queue | Villager (Male) |
| 6:05 | Queue | Villager (Male) |
| 6:06 | Queue | Villager (Male) |
| 6:06 | Queue | Villager (Male) |
| 6:17 | Queue | Villager (Male) |
| 6:18 | Research | Loom |
| 7:14 | Research | Feudal Age |
| 7:15 | Research | Feudal Age |
| 7:27 | Build | Settlement |
| 7:32 | Build | Settlement |
| 7:57 | Build | Palisade Wall |
| 7:58 | Build | Palisade Wall |
| 7:59 | Build | Palisade Wall |
| 8:15 | Build | Palisade Wall |
| 8:15 | Build | Palisade Wall |
| 8:16 | Build | Palisade Wall |
| 8:16 | Build | Palisade Wall |
| 8:21 | Queue | Villager (Male) |
| 8:35 | Build | Palisade Wall |
| 8:36 | Build | Palisade Wall |
| 8:37 | Build | Palisade Wall |
| 8:38 | Build | Palisade Wall |
| 8:39 | Build | Palisade Wall |
| 8:46 | Queue | Villager (Male) |
| 8:52 | Build | Barracks |
| 9:04 | Build | Palisade Wall |
| 9:04 | Build | Palisade Wall |
| 9:05 | Build | Palisade Wall |
| 9:06 | Build | Palisade Wall |
| 9:07 | Build | Palisade Wall |
| 9:08 | Build | Palisade Wall |
| 9:09 | Build | Palisade Wall |
| 9:10 | Build | Palisade Wall |
| 9:10 | Build | Palisade Wall |
| 9:24 | Age | Feudal Age |
| 9:25 | Queue | Villager (Male) |
| 9:29 | Research | Double-Bit Axe |
| 9:52 | Build | Archery Range |
| 10:12 | Build | Archery Range |
| 10:15 | Queue | Villager (Male) |
| 10:32 | Queue | Villager (Male) |
| 10:39 | Queue | Archer |
| 10:55 | Build | Palisade Wall |
| 10:58 | Build | Palisade Wall |
| 10:58 | Build | Palisade Wall |
| 10:59 | Build | Palisade Wall |
| 11:01 | Queue | Villager (Male) |
| 11:02 | Build | Farm |
| 11:03 | Queue | Archer |
| 11:08 | Build | Farm |
| 11:20 | Queue | Archer |
| 11:23 | Queue | Archer |
| 11:23 | Queue | Archer |
| 11:25 | Queue | Villager (Male) |
| 11:43 | Queue | Archer |
| 11:43 | Queue | Archer |
| 11:52 | Build | House |
| 11:59 | Build | Farm |
| 12:03 | Queue | Villager (Male) |
| 12:03 | Queue | Villager (Male) |
| 12:06 | Build | Palisade Wall |
| 12:26 | Build | Palisade Wall |
| 12:28 | Build | Palisade Wall |
| 12:30 | Build | Palisade Wall |
| 12:33 | Build | Palisade Wall |
| 12:36 | Build | Farm |
| 12:36 | Build | Farm |
| 12:44 | Queue | Archer |
| 12:44 | Queue | Archer |
| 12:47 | Queue | Villager (Male) |
| 12:49 | Queue | Archer |
| 12:50 | Queue | Archer |
| 13:14 | Queue | Villager (Male) |
| 13:16 | Build | Farm |
| 13:19 | Queue | Archer |
| 13:19 | Queue | Archer |
| 13:31 | Queue | Archer |
| 13:31 | Queue | Archer |
| 13:40 | Queue | Villager (Male) |
| 13:40 | Queue | Villager (Male) |
| 13:43 | Build | Farm |
| 13:52 | Queue | Archer |
| 13:52 | Queue | Archer |
| 13:57 | Queue | Villager (Male) |
| 13:58 | Queue | Villager (Male) |
| 14:13 | Build | Farm |
| 14:13 | Queue | Archer |
| 14:16 | Queue | Villager (Male) |
| 14:16 | Queue | Villager (Male) |
| 14:40 | Build | Palisade Wall |
| 14:44 | Queue | Villager (Male) |
| 14:44 | Queue | Archer |
| 14:45 | Queue | Archer |
| 14:57 | Queue | Villager (Male) |
| 15:01 | Build | Blacksmith |
| 15:11 | Queue | Villager (Male) |
| 15:15 | Queue | Archer |
| 15:15 | Queue | Archer |
| 15:31 | Queue | Archer |
| 15:32 | Queue | Villager (Male) |
| 15:52 | Research | Fletching |
| 15:52 | Research | Fletching |
| 15:54 | Build | House |
| 15:59 | Queue | Archer |
| 15:59 | Queue | Archer |
| 16:00 | Queue | Villager (Male) |
| 16:12 | Build | Farm |
| 16:13 | Build | Farm |
| 16:16 | Build | Farm |
| 16:17 | Queue | Villager (Male) |
| 16:24 | Queue | Archer |
| 16:44 | Build | Farm |
| 16:46 | Queue | Villager (Male) |
| 16:54 | Queue | Archer |
| 16:54 | Queue | Archer |
| 17:01 | Queue | Villager (Male) |
| 17:06 | Build | House |
| 17:08 | Queue | Villager (Male) |
| 17:14 | Queue | Villager (Male) |
| 17:15 | Queue | Archer |
| 17:25 | Build | Farm |
Build order — Ellis
First 150 of 241 actions detected
| 0:00 | Queue | Villager (Male) |
| 0:02 | Build | House |
| 0:02 | Build | House |
| 0:10 | Queue | Villager (Male) |
| 0:11 | Queue | Villager (Male) |
| 0:15 | Queue | Villager (Male) |
| 1:25 | Queue | Villager (Male) |
| 1:47 | Queue | Villager (Male) |
| 2:32 | Queue | Villager (Male) |
| 2:41 | Build | Lumber Camp |
| 2:43 | Queue | Villager (Male) |
| 3:02 | Build | House |
| 3:15 | Queue | Villager (Male) |
| 3:38 | Queue | Villager (Male) |
| 4:09 | Queue | Villager (Male) |
| 4:29 | Queue | Villager (Male) |
| 4:30 | Queue | Villager (Male) |
| 4:30 | Queue | Villager (Male) |
| 5:11 | Build | Mill |
| 5:20 | Queue | Villager (Male) |
| 5:38 | Queue | Villager (Male) |
| 6:10 | Queue | Villager (Male) |
| 6:42 | Research | Feudal Age |
| 7:35 | Build | House |
| 8:06 | Queue | Villager (Male) |
| 8:09 | Build | Barracks |
| 8:52 | Age | Feudal Age |
| 8:58 | Build | Stable |
| 9:01 | Queue | Villager (Male) |
| 9:03 | Research | Loom |
| 9:15 | Research | Double-Bit Axe |
| 9:25 | Build | Palisade Wall |
| 9:26 | Build | Palisade Gate |
| 9:28 | Build | Palisade Wall |
| 9:34 | Build | House |
| 9:37 | Build | Palisade Wall |
| 9:39 | Queue | Scout Cavalry |
| 9:49 | Build | Palisade Wall |
| 9:51 | Build | Palisade Wall |
| 9:52 | Build | Palisade Wall |
| 9:55 | Queue | Scout Cavalry |
| 10:01 | Queue | Villager (Male) |
| 10:06 | Queue | Scout Cavalry |
| 10:13 | Build | Palisade Wall |
| 10:25 | Build | Palisade Gate |
| 10:30 | Queue | Scout Cavalry |
| 10:38 | Research | Horse Collar |
| 10:38 | Queue | Villager (Male) |
| 10:50 | Queue | Villager (Male) |
| 11:00 | Queue | Scout Cavalry |
| 11:02 | Queue | Villager (Male) |
| 11:11 | Build | Farm |
| 11:23 | Build | Farm |
| 11:27 | Queue | Villager (Male) |
| 11:36 | Build | House |
| 11:46 | Queue | Villager (Male) |
| 11:49 | Build | Farm |
| 12:03 | Queue | Villager (Male) |
| 12:22 | Queue | Villager (Male) |
| 12:25 | Build | Farm |
| 12:26 | Build | Farm |
| 12:27 | Build | Farm |
| 12:40 | Queue | Scout Cavalry |
| 12:44 | Queue | Villager (Male) |
| 12:51 | Build | House |
| 12:56 | Build | Mining Camp |
| 13:09 | Build | Palisade Wall |
| 13:12 | Queue | Scout Cavalry |
| 13:13 | Queue | Villager (Male) |
| 13:18 | Build | Farm |
| 13:35 | Build | Farm |
| 13:36 | Queue | Villager (Male) |
| 14:02 | Build | Palisade Wall |
| 14:04 | Queue | Villager (Male) |
| 14:17 | Build | Farm |
| 14:24 | Build | Watch Tower |
| 14:33 | Queue | Villager (Male) |
| 14:45 | Build | Palisade Wall |
| 15:02 | Queue | Villager (Male) |
| 15:03 | Build | Blacksmith |
| 15:21 | Build | Watch Tower |
| 15:32 | Queue | Villager (Male) |
| 15:41 | Build | Farm |
| 15:54 | Research | Fletching |
| 15:55 | Research | Fletching |
| 16:07 | Build | Watch Tower |
| 16:14 | Queue | Villager (Male) |
| 16:16 | Build | House |
| 16:19 | Research | Town Watch |
| 16:24 | Queue | Scout Cavalry |
| 16:26 | Research | Scale Barding Armor |
| 16:28 | Build | House |
| 16:38 | Queue | Villager (Male) |
| 16:44 | Build | Farm |
| 17:09 | Queue | Scout Cavalry |
| 17:13 | Queue | Villager (Male) |
| 17:24 | Queue | Villager (Male) |
| 17:30 | Build | Watch Tower |
| 17:32 | Queue | Villager (Male) |
| 17:39 | Queue | Villager (Male) |
| 17:56 | Queue | Villager (Male) |
| 18:00 | Research | Wheelbarrow |
| 18:11 | Queue | Villager (Male) |
| 18:18 | Build | Watch Tower |
| 18:31 | Queue | Villager (Male) |
| 18:33 | Queue | Scout Cavalry |
| 18:40 | Queue | Villager (Male) |
| 18:46 | Build | House |
| 18:59 | Build | Farm |
| 19:09 | Queue | Villager (Male) |
| 19:24 | Build | Farm |
| 19:24 | Queue | Villager (Male) |
| 19:42 | Build | Watch Tower |
| 19:49 | Build | Mining Camp |
| 19:50 | Queue | Villager (Male) |
| 20:13 | Queue | Villager (Male) |
| 20:20 | Queue | Scout Cavalry |
| 20:44 | Queue | Villager (Male) |
| 20:54 | Build | Watch Tower |
| 21:10 | Queue | Scout Cavalry |
| 21:20 | Queue | Villager (Male) |
| 21:25 | Build | House |
| 21:34 | Build | Market |
| 21:47 | Build | Lumber Camp |
| 21:49 | Queue | Villager (Male) |
| 22:12 | Build | Palisade Wall |
| 22:15 | Queue | Scout Cavalry |
| 22:19 | Build | Farm |
| 22:21 | Queue | Villager (Male) |
| 22:28 | Build | Watch Tower |
| 22:35 | Queue | Villager (Male) |
| 22:45 | Build | Farm |
| 22:47 | Build | Farm |
| 22:56 | Build | Watch Tower |
| 23:12 | Queue | Villager (Male) |
| 23:28 | Research | Castle Age |
| 23:49 | Build | Watch Tower |
| 23:51 | Research | Gold Mining |
| 24:08 | Build | Farm |
| 24:12 | Build | Farm |
| 24:44 | Build | Mining Camp |
| 24:49 | Research | Bloodlines |
| 25:19 | Build | Watch Tower |
| 25:33 | Build | House |
| 26:05 | Queue | Villager (Male) |
| 26:17 | Age | Castle Age |
| 26:19 | Build | Watch Tower |
| 26:21 | Research | Bodkin Arrow |
| 26:36 | Research | Chain Barding Armor |
| 27:00 | Queue | Villager (Male) |
Match timeline
| 7:57 | Archanger · wall_segment Palisade Wall x1 |
| 7:58 | Archanger · wall_segment Palisade Wall x1 |
| 7:59 | Archanger · wall_segment Palisade Wall x1 |
| 8:09 | Ellis · first_building Barracks |
| 8:15 | Archanger · wall_segment Palisade Wall x1 |
| 8:15 | Archanger · wall_segment Palisade Wall x1 |
| 8:16 | Archanger · wall_segment Palisade Wall x1 |
| 8:16 | Archanger · wall_segment Palisade Wall x1 |
| 8:35 | Archanger · wall_segment Palisade Wall x1 |
| 8:36 | Archanger · wall_segment Palisade Wall x1 |
| 8:37 | Archanger · wall_segment Palisade Wall x1 |
| 8:38 | Archanger · wall_segment Palisade Wall x1 |
| 8:39 | Archanger · wall_segment Palisade Wall x1 |
| 8:52 | Archanger · first_building Barracks |
| 8:52 | Ellis · age_up feudal |
| 8:58 | Ellis · first_building Stable |
| 9:04 | Archanger · wall_segment Palisade Wall x1 |
| 9:04 | Archanger · wall_segment Palisade Wall x1 |
| 9:05 | Archanger · wall_segment Palisade Wall x1 |
| 9:06 | Archanger · wall_segment Palisade Wall x1 |
| 9:07 | Archanger · wall_segment Palisade Wall x1 |
| 9:08 | Archanger · wall_segment Palisade Wall x1 |
| 9:09 | Archanger · wall_segment Palisade Wall x1 |
| 9:10 | Archanger · wall_segment Palisade Wall x1 |
| 9:10 | Archanger · wall_segment Palisade Wall x1 |
| 9:24 | Archanger · age_up feudal |
| 9:25 | Ellis · wall_segment Palisade Wall x12 |
| 9:28 | Ellis · wall_segment Palisade Wall x5 |
| 9:37 | Ellis · wall_segment Palisade Wall x5 |
| 9:49 | Ellis · wall_segment Palisade Wall x7 |
| 9:51 | Ellis · wall_segment Palisade Wall x11 |
| 9:52 | Archanger · first_building Archery Range |
| 9:52 | Ellis · wall_segment Palisade Wall x5 |
| 10:13 | Ellis · wall_segment Palisade Wall x18 |
| 10:55 | Archanger · wall_segment Palisade Wall x1 |
| 10:58 | Archanger · wall_segment Palisade Wall x1 |
| 10:58 | Archanger · wall_segment Palisade Wall x1 |
| 10:59 | Archanger · wall_segment Palisade Wall x1 |
| 12:06 | Archanger · wall_segment Palisade Wall x1 |
| 12:26 | Archanger · wall_segment Palisade Wall x1 |
| 12:28 | Archanger · wall_segment Palisade Wall x1 |
| 12:30 | Archanger · wall_segment Palisade Wall x1 |
| 12:33 | Archanger · wall_segment Palisade Wall x1 |
| 13:09 | Ellis · wall_segment Palisade Wall x1 |
| 14:02 | Ellis · wall_segment Palisade Wall x1 |
| 14:40 | Archanger · wall_segment Palisade Wall x1 |
| 14:45 | Ellis · wall_segment Palisade Wall x1 |
| 20:59 | Archanger · first_market_sell 100 stone |
| 21:26 | Archanger · first_market_buy 100 food |
| 22:12 | Ellis · wall_segment Palisade Wall x1 |
| 23:15 | Ellis · first_market_sell 100 wood |
| 23:18 | Ellis · first_market_buy 100 food |
| 24:19 | Archanger · age_up castle |
| 24:21 | Archanger · first_building Siege Workshop |
| 26:17 | Ellis · age_up castle |
| 27:51 | Ellis · wall_segment Palisade Wall x1 |
| 28:14 | Ellis · first_building Siege Workshop |
| 29:41 | Ellis · wall_segment Stone Wall x2 |
| 30:21 | Archanger · first_building Monastery |
| 31:50 | Ellis · wall_segment Stone Wall x1 |
| 37:45 | Ellis · wall_segment Palisade Wall x6 |
| 38:17 | Ellis · first_building Monastery |
| 39:55 | Archanger · resign |
[ AI ANALYSIS · 1 CREDIT ]
What really happened in this match?
Wolo.gg analyzes every decision: build order, eco, micro, common mistakes by bracket. Personalized analysis on WhatsApp or Discord in 30 seconds.
Civ guide
Incas
Perfil
Jugador #386523